 Dungeon Crawl Stone Soup version 0.31.0-11-ge490571c62 (webtiles) character file.

Game seed: 15856128388071979896

15943 jasper the Grappler (level 12, -1/159 HPs)
             Began as an Armataur Berserker on Feb 4, 2024.
             Was a High Priest of Trog.
             Slain by a cane toad (17 damage)
             ... on level 1 of the Lair of Beasts.
             The game lasted 00:14:08 (11727 turns).

jasper the Grappler (Armataur Berserker)           Turns: 11727, Time: 00:14:10

Health: -1/159     AC: 13    Str: 25    XL:     12   Next: 5%
Magic:  12/12      EV:  8    Int:  3    God:    Trog [*****.]
Gold:   631        SH:  9    Dex: 13    Spells: 11/11 levels left

rFire   . .          .
                       - Unarmed
rCold   + . .        N - +0 kite shield
rNeg    + . .        Q - melded +2 troll leather armour {Snorg}
rPois   .            g - +1 helmet
rElec   .            v - +2 cloak
rCorr   .            s - +0 pair of gloves
SInv    .            (no barding)
Will    +++..        f - amulet of faith Stlth
                     n - ring of the Vendetta {+Blink rC+ Will+ AC+4 Int-4}
HPRegen 1.46/turn    M - ring of positive energy
MPRegen 0.13/turn

%: roll, faith
@: berserking, lethally poisoned (-1 -> -17), maw-form, strong-willed,
regenerating, very quick
A: devouring maw, large, deformed body, tough skin 3, armoured tail, roll 2
a: Begin Untransformation, Renounce Religion, Evoke Blink, Berserk, Trog's Hand,
Brothers in Arms


You were on level 1 of the Lair of Beasts.
You worshipped Trog.
Trog was extremely pleased with you.
You were a creature with a mouth for a stomach.
You visited 2 branches of the dungeon, and saw 13 of its levels.

You collected 869 gold pieces.
You spent 238 gold pieces at shops.

Inventory:

Missiles
 b - 88 stones (quivered)
 h - 28 poisoned darts
 j - 7 curare-tipped darts
 k - 4 boomerangs
 C - 3 javelins
 E - 4 silver javelins
Armour
 a - a +0 animal skin
 g - a +1 helmet (worn)
 i - a +0 ring mail
 s - a +0 pair of gloves (worn)
 t - a +2 leather armour of cold resistance
 v - a +2 cloak (worn)
 w - a +2 cloak
 y - +0 steam dragon scales
 K - a scarf of resistance
 N - a +0 kite shield (worn)
 Q - a +2 troll leather armour (melded) {Snorg}
 R - +0 acid dragon scales
 W - the +1 cloak "Ihajui" {rPois rF- Str+5}
   (You found it on level 12 of the Dungeon)

   Str+5:     It affects your strength (+5).
   rF-:       It makes you vulnerable to fire.
   rPois:     It protects you from poison
Jewellery
 f - an amulet of faith (around neck)
 n - the ring of the Vendetta (left hand) {+Blink rC+ Will+ AC+4 Int-4}
   (You found it on level 4 of the Dungeon)

   [ring of protection]

   AC+4:      It affects your AC (+4).
   Int-4:     It affects your intelligence (-4).
   rC+:       It protects you from cold.
   Will+:     It increases your willpower.
   +Blink:    It lets you blink.
 J - an amulet of magic regeneration
 M - a ring of positive energy (right hand)
Talismans
 I - a maw talisman (active)
Wands
 u - a wand of paralysis (7)
 z - a wand of mindburst (3)
 A - a wand of quicksilver (4)
 H - a wand of flame (30)
 U - a wand of roots (10)
Scrolls
 o - 3 scrolls of teleportation
 x - a scroll of revelation
 F - a scroll of fog
 L - a scroll of immolation
 P - a scroll of enchant weapon
 V - a scroll of poison
Potions
 c - 4 potions of attraction
 d - 3 potions of invisibility
 e - 4 potions of brilliance
 l - a potion of curing
 m - 3 potions of might
 p - 2 potions of ambrosia
 q - 3 potions of lignification
 r - a potion of haste
 B - 6 potions of enlightenment
 D - a potion of mutation
 G - a potion of heal wounds
 O - a potion of resistance
 S - a potion of berserk rage


   Skills:
 - Level 10.0 Fighting
 - Level 2.4 Armour
 - Level 1.3 Dodging
 + Level 4.5 Shields
 - Level 14.0 Unarmed Combat
 - Level 10.0 Shapeshifting


You had 11 spell levels left.
You didn't know any spells.
Your spell library was empty.

Dungeon Overview and Level Annotations

Branches:
Dungeon (12/15)            Temple (0/1) D:6            Lair (1/5) D:10
    Orc (0/2) D:12

Altars:
Ashenzari
Dithmenos
Elyvilon
Fedhas
Makhleb
Okawaru
Ru
Trog
Wu Jian
Zin
The Shining One

Shops:
D:7 !   D:11 [


Innate Abilities, Weirdness & Mutations

You are a creature with a mouth for a stomach.
Your midsection houses a second, enormous mouth.
Armour fits poorly on your strangely shaped body.
You have extremely tough skin. (AC +3)
You have a long armoured tail.
You regenerate magic and health when rolling toward enemies. (Rampage Regen)


Message History

The water moccasin bites you but does no damage.
The cane toad stings you!
The blink frog blinks!
You closely miss the wolf.
The wolf is lightly wounded.
You feel very sick. The wolf completely misses you.
The water moccasin bites you.
* * * LOW HITPOINT WARNING * * *
You are more poisoned.
The water moccasin poisons you!
The blink frog blinks!
You barely miss the wolf. Your bite misses the wolf.
The wolf is lightly wounded.
You feel very sick.
The blink frog blinks!
The wolf barely misses you. The cane toad stings you!
* * * LOW HITPOINT WARNING * * *
You are more poisoned.
The cane toad poisons you! The water moccasin bites you!
* * * LOW HITPOINT WARNING * * *
You are too berserk!
Unknown command.
You pummel the wolf!!
You devour the wolf!
You feel better.
You kill the wolf!
Trog accepts your kill.
* * * LOW HITPOINT WARNING * * *
You feel very sick. You block the cane toad's attack.
You pummel the water moccasin!!
Your tail-slap misses the water moccasin.
Your bite misses the water moccasin.
The water moccasin is severely wounded.
* * * LOW HITPOINT WARNING * * *
You feel very sick.
The water moccasin bites you but does no damage.
The blink frog blinks!
You punch the water moccasin!
You kill the water moccasin!
Trog accepts your kill.
* * * LOW HITPOINT WARNING * * *
You feel very sick.
The blink frog blinks!
The cane toad stings you!
You die...

.8.k.8...#..# #..........##
........F...# ##..#......#
#....#....# ###..#########
#.#..F...## ##....#
........†#.# #...#.#
........#F## #.....# ####
##.+##...F.# #.§...## ###..#
.........§#####F..§..####....#
. ........##.W...###..##......
........FFFF##### ##.........
..........### ##.........
.....§....# ######..........
...##...P# ##...####........
..# #...####.....###........
.P ##..# #.......##........
#..# ##.....###........ ...#
##...###.........


You could see a cane toad, 3 blink frogs and a bullfrog.

Vanquished Creatures
  Snorg (D:10)
  A yaktaur captain (D:11)
  Fannar (D:10)
  2 boulder beetles
  4 two-headed ogres
  Pikel (D:6)
  Maurice (D:7)
  An ugly thing (D:12)
  A manticore (D:11)
  A black mamba (Lair:1)
  A gargoyle (D:12)
  An unseen horror (D:11)
  An efreet (D:11)
  Psyche (D:8)
  A troll (D:12)
  A blink frog (Lair:1)
  A vampire (D:12)
  Sigmund (D:3)
  A wyvern (D:10)
  A wraith (D:10)
  Eustachio (D:5)
  5 yaks
  2 steam dragons
  4 vampire mosquitoes (D:12)
  4 acid dragons
  A water moccasin (Lair:1)
  3 sky beasts
  3 orc warriors
  2 ice beasts
  3 black bears
  2 ogres
  3 wolves (Lair:1)
  4 centaurs
  2 lemures (D:6)
  4 kobold brigands
  A bullfrog (D:7)
  2 gnoll sergeants (D:10)
  3 scorpions
  10 wights
  12 killer bees
  A howler monkey (D:12)
  A vampire bat (Lair:1)
  A bombardier beetle (D:4)
  A quasit (D:8)
  11 orc priests
  A jelly (D:7)
  2 hounds
  2 sleepcaps
  An iguana (D:5)
  8 orc wizards
  9 gnolls (D:10)
  3 adders
  2 shadow imps (D:8)
  4 white imps
  9 ufetubi
  A ribbon worm (D:2)
  A dart slug (D:3)
  43 orcs
  9 ball pythons
  9 bats
  4 endoplasms
  3 giant cockroaches
  5 goblins
  4 hobgoblins
  18 kobolds
  2 quokkas (D:4)
  A frilled lizard (D:1)
  6 rats
257 creatures vanquished.

Notes
Turn   | Place    | Note
-------+----------+-------------------------------------------
     0 | D:1      | jasper the Armataur Berserker began the quest for the Orb.
     0 | D:1      | Reached XP level 1. HP: 18/18 MP: 1/1
   129 | D:1      | Reached skill level 3 in Unarmed Combat
   214 | D:1      | Reached XP level 2. HP: 25/25 MP: 2/2
   581 | D:1      | Identified a scroll of acquirement
   581 | D:1      | Acquired a manual of Unarmed Combat
   642 | D:2      | Reached skill level 4 in Unarmed Combat
   690 | D:2      | Reached XP level 3. HP: 30/30 MP: 3/3
  1293 | D:2      | Found a white marble altar of Elyvilon.
  1484 | D:3      | Found a bloodstained altar of Trog.
  1532 | D:3      | Reached ** piety under Trog
  1564 | D:3      | Reached skill level 5 in Unarmed Combat
  1580 | D:3      | Noticed Sigmund
  1594 | D:3      | Killed Sigmund
  1595 | D:3      | Reached skill level 7 in Unarmed Combat
  1595 | D:3      | Reached XP level 4. HP: 37/37 MP: 4/4
  1595 | D:3      | Reached XP level 5. HP: 42/42 MP: 5/5
  1876 | D:3      | Reached skill level 8 in Unarmed Combat
  2233 | D:4      | Found a glowing golden altar of the Shining One.
  2325 | D:4      | Identified the ring of the Vendetta {+Blink rC+ Will+ AC+4
                  | Int-4}
  2331 | D:4      | Reached XP level 6. HP: 47/50 MP: 6/6
  2705 | D:4      | Found a shadowy altar of Dithmenos.
  2708 | D:4      | Found a broken altar of Ashenzari.
  3145 | D:5      | Entered Level 5 of the Dungeon
  3229 | D:5      | Reached *** piety under Trog
  3230 | D:5      | Reached skill level 9 in Unarmed Combat
  3309 | D:5      | Identified the +0 ring mail of the Reasonable God {rPois
                  | rC++ Dex-5}
  3382 | D:5      | Noticed Eustachio
  3391 | D:5      | Killed Eustachio
  3392 | D:5      | Gained mutation: You regenerate magic and health when
                  | rolling toward enemies. (Rampage Regen) [Armataur growth]
  3392 | D:5      | Reached XP level 7. HP: 56/56 MP: 7/7
  3473 | D:5      | Reached skill level 10 in Unarmed Combat
  3661 | D:5      | Reached skill level 11 in Unarmed Combat
  3951 | D:5      | Found a glowing silver altar of Zin.
  3951 | D:5      | Found an iron altar of Okawaru.
  4224 | D:6      | Reached skill level 12 in Unarmed Combat
  4224 | D:6      | Reached XP level 8. HP: 62/62 MP: 8/8
  4308 | D:6      | Noticed Pikel
  4346 | D:6      | Killed Pikel
  4347 | D:6      | Reached skill level 13 in Unarmed Combat
  4525 | D:6      | Reached skill level 14 in Unarmed Combat
  4558 | D:6      | Reached **** piety under Trog
  4595 | D:6      | Found a staircase to the Ecumenical Temple.
  4785 | D:6      | Reached XP level 9. HP: 71/71 MP: 9/9
  4969 | D:7      | Found an ornate altar of the Wu Jian Council.
  4977 | D:7      | Noticed Maurice
  4981 | D:7      | Something stole 4 silver javelins
  4982 | D:7      | Something stole 274 gold
  4997 | D:7      | Killed Maurice
  4998 | D:7      | Reached skill level 5 in Fighting
  5434 | D:7      | Found Zaerr's Distillery.
  5442 | D:7      | Bought a potion of enlightenment for 70 gold pieces
  5442 | D:7      | Bought a potion of might for 56 gold pieces
  5442 | D:7      | Bought a potion of ambrosia for 112 gold pieces
  5607 | D:7      | Found a sacrificial altar of Ru.
  6031 | D:7      | Found a blossoming altar of Fedhas.
  6219 | D:8      | Reached ***** piety under Trog
  6234 | D:8      | Identified the +1 scale mail of Baldness {rPois Will- SInv}
  6339 | D:8      | Reached XP level 10. HP: 90/90 MP: 10/10
  6473 | D:8      | Noticed Psyche
  6478 | D:8      | Killed Psyche
  6891 | D:8      | Found a burning altar of Makhleb.
  6893 | D:8      | Noticed an Executioner
  7095 | D:9      | Noticed a two-headed ogre
  7100 | D:9      | Killed a two-headed ogre
  7152 | D:9      | Noticed a two-headed ogre
  7160 | D:9      | Killed a two-headed ogre
  7161 | D:9      | Reached skill level 10 in Fighting
  7161 | D:9      | Reached skill level 1 in Shapeshifting
  7452 | D:9      | Noticed a two-headed ogre
  7461 | D:9      | Killed a two-headed ogre
  7462 | D:9      | Reached skill level 5 in Shapeshifting
  7917 | D:10     | Entered Level 10 of the Dungeon
  8238 | D:10     | Noticed Snorg
  8247 | D:10     | Killed Snorg
  8248 | D:10     | Reached XP level 11. HP: 99/99 MP: 11/11
  8683 | D:10     | Noticed Fannar
  8699 | D:10     | Killed Fannar
  8780 | D:10     | Found a staircase to the Lair.
  9556 | D:11     | Noticed a two-headed ogre
  9561 | D:11     | Killed a two-headed ogre
  9653 | D:11     | Found Ynwe's Armour Shoppe.
  9794 | D:11     | Received a gift from Trog
  9942 | D:11     | Noticed a boulder beetle
  9958 | D:11     | Killed a boulder beetle
 10140 | D:11     | Noticed a yaktaur captain
 10155 | D:11     | Killed a yaktaur captain
 10365 | D:12     | Noticed a white ugly thing
 10375 | D:12     | Killed a white ugly thing
 10526 | D:12     | Identified the +1 cloak "Ihajui" {rPois rF- Str+5}
 10679 | D:12     | Noticed a boulder beetle
 10686 | D:12     | Killed a boulder beetle
 10687 | D:12     | Reached skill level 10 in Shapeshifting
 10759 | D:12     | Found a broken altar of Ashenzari.
 10953 | D:12     | Found a staircase to the Orcish Mines.
 11367 | Lair:1   | Entered Level 1 of the Lair of Beasts
 11418 | Lair:1   | Reached XP level 12. HP: 83/106 MP: 12/12
 11727 | Lair:1   | Slain by a cane toad

Illustrated notes

Levels and vault maps discovered:
D:1:      shiori_shiawase, layout_loops_ring, kennysheep_crisscross
D:2:      layout_basic, basic_altar, hex_intersection
D:3:      layout_loops_cross, mainiacjoe_overflow_chevrons, uniq_sigmund
D:4:      layout_cave_pods, tso_metal_star, grunt_temple_overflow_open
D:5:      layout_loops_ring, gammafunk_temple_overflow_wave,
          amcnicky_mini_corridor_feature, saegor_snake_ambush, uniq_eustachio
D:6:      layout_loops_cross, minmay_temple_entry_glassed_door, uniq_pikel
D:7:      layout_basic, lemuel_coloured_pillars_altar, marbit_many_paths,
          mainiacjoe_overflow_24_doors, serial_shops, shop, uniq_maurice
D:8:      layout_basic, makhleb_altar_promises_db, serial_demonic,
          serial_demonic_a, serial_demonic_d, serial_demonic_d,
          serial_demonic_d, uniq_psyche
D:9:      layout_loops_ring
D:10:     layout_grid_maze, lair_entry_dummy, uniq_fannar, uniq_snorg
D:11:     layout_irregular_city, nicolae_stop_n_shop_1, minmay_three_doors
D:12:     layout_basic, hiddenorc1_lemuel, kennysheep_diamond, ashenzari_altar_1
Lair:1:   layout_cave_pods, roderic_batcave, infiniplex_staircase_pool_2,
          grunt_megastairs_2, serial_bayou_shore_a

Skill      XL: |  1  2  3  4  5  6  7  8  9 10 11 |
---------------+----------------------------------+-----
Unarmed Combat | 3 4 7 8 9 12 14 | 14.0
Fighting       | 3 8 10 | 10.0
Shapeshifting  | 6 10 | 10.0
Shields        | 4 |  4.5
Armour         | |  2.4
Dodging        | |  1.3

Action                     |  1- 3 |  4- 6 |  7- 9 | 10-12 || total
---------------------------+-------+-------+-------+-------++-------
  Melee: Unarmed           |    76 |   103 |   246 |   365 ||   790
         Tailslap          |     8 |    11 |    23 |    58 ||   100
         Punch             |     2 |     3 |    18 |    10 ||    33
         Maw               |       |       |       |    14 ||    14
 Invoke: Berserk           |     1 |     2 |     1 |    14 ||    18
         Trog's Hand       |       |     1 |     2 |     2 ||     5
    Use: Scroll            |     3 |     7 |     6 |     8 ||    24
         Potion            |       |       |       |     6 ||     6
   Stab: Sleeping          |     1 |       |     1 |       ||     2
         Invisible         |       |       |       |     2 ||     2
 Armour: Animal skin       |    17 |       |       |       ||    17
         Ring mail         |    18 |    38 |       |       ||    56
         Leather armour    |       |    18 |   203 |    71 ||   292
         Troll leather arm |       |       |       |   210 ||   210
         Skin              |       |       |       |    61 ||    61
  Dodge: Dodged            |    33 |    40 |   110 |   127 ||   310
  Block: Kite shield       |       |       |       |   121 ||   121
   Form: Maw               |       |       |       |     1 ||     1
